 Dungeon Crawl Stone Soup version 0.19.4-9-g45fd643 (webtiles) character file.

160 sankara the Conjurer (level 5, 0/38 HPs)
             Began as a Draconian Conjurer on Feb 21, 2017.
             Slain by an ice beast (10 damage)
             ... on level 3 of the Dungeon.
             The game lasted 00:10:26 (3671 turns).

sankara the Conjurer (Draconian Conjurer)           Turns: 3671, Time: 00:10:28

Health: 0/38       AC:  6    Str: 16    XL:     5   Next: 17%
Magic:  1/9        EV: 12    Int: 16    God:
Gold:   116        SH:  0    Dex: 11    Spells: 3 memorised, 2 levels left

rFire  + . .     SeeInvis .     a - +0 dagger
rCold  . . .     Gourm    .     (armour unavailable)
rNeg   . . .     Faith    .     (no shield)
rPois  .         Spirit   .     (helmet restricted)
rElec  .         Reflect  .     (no cloak)
rCorr  .         Harm     .     (no gloves)
MR     .....                    l - +0 pair of boots
Stlth  ++........               f - amulet of rage
                                (no ring)
                                t - ring of protection from fire

@: mighty
A: unfitting armour, claws 1, hooves 1, stinger 1, cold-blooded, AC +5
a: Evoke Berserk Rage


You were on level 3 of the Dungeon.
You were very hungry.

You visited 1 branch of the dungeon, and saw 3 of its levels.

You collected 116 gold pieces.

Inventory:

Hand Weapons
 a - a +0 dagger (weapon)
 i - a +0 dagger of draining
Armour
 l - a +0 pair of boots (worn)
Jewellery
 f - an amulet of rage (around neck)
 t - a ring of protection from fire (left claw)
 x - a +4 ring of slaying {unknown}
Wands
 c - a wand of random effects (30/48)
 o - a wand of flame (28/48)
Scrolls
 h - 3 scrolls of identify {unknown}
 k - a scroll of enchant armour {unknown}
 n - a scroll of recharging {unknown}
 p - a scroll of random uselessness {unknown}
 v - 2 scrolls of remove curse {unknown}
 w - a scroll of enchant weapon {unknown}
Potions
 m - 3 potions of curing
 s - a potion of flight {unknown}
Books
 e - a book of Conjurations

   Spells                             Type                      Level
   a - Magic Dart                     Conjuration                  1
   b - Searing Ray                    Conjuration                  2
   c - Dazzling Spray                 Conjuration/Hexes            3
   d - Fulminant Prism                Conjuration/Hexes            4
   e - Iskenderun's Mystic Blast      Conjuration                  4
   f - Iskenderun's Battlesphere      Conjuration/Charms           5
 q - a book of Misfortune

   Spells                             Type                      Level
   a - Confusing Touch                Hexes                        1
   b - Confuse                        Hexes                        3
   c - Gell's Gravitas                Hexes/Translocation          3
   d - Petrify                        Transmutation/Earth          4
   e - Metabolic Englaciation         Hexes/Ice                    5
   f - Yara's Violent Unravelling     Hexes/Transmutation          5
Comestibles
 b - 3 bread rations
 g - a meat ration
 j - 3 fruits
 u - a beef jerky


   Skills:
 - Level 1.7 Dodging
 - Level 1.7 Stealth
 + Level 3.2 Spellcasting
 * Level 5.8 Conjurations


You had 2 spell levels left.
You knew the following spells:

 Your Spells              Type           Power        Failure   Level  Hunger
a - Magic Dart            Conj           ###.         1%          1    None
b - Dazzling Spray        Conj/Hex       ##....       17%         3    ###....
c - Iskenderun's Mystic   Conj           ###.....     17%         4    ####...


Dungeon Overview and Level Annotations

Branches:
Dungeon (3/15)

Altars:
Fedhas
Gozag


Innate Abilities, Weirdness & Mutations

Your plain brown scales are hard. (AC +5)
You cannot fit into any form of body armour.
You are cold-blooded and may be slowed by cold attacks.
You have sharp fingernails.
You have large cloven feet.
Your tail ends in a poisonous barb.


Message History

The ice beast hits you. The ice beast freezes you!
You puncture the ice beast!
The ice beast is heavily wounded.
The ice beast is no longer blind.
The ice beast hits you. The ice beast freezes you!
You feel yourself slow down.
* * * LOW HITPOINT WARNING * * *
The ice beast barely misses you.
You feel yourself speed up.
You see here a stone.
Casting: Dazzling Spray
Confirm with . or Enter, or press ? or * to list all spells.
Aiming: Dazzling Spray
Press: ? - help, Shift-Dir - straight line, f/p - ice beast
Aim: an ice beast (heavily wounded)
The spray of energy hits the ice beast.
The ice beast is severely wounded.
The ice beast hits you.
* * * LOW HITPOINT WARNING * * *
The ice beast freezes you!
You die...

#...........).........>..#
#...######.#...###.#.#.#.#
#.####...#...#..###...##.#
#.# #....###....#.###.# #..
...#...#..#...)# #.# #..
#.##.#...#.###.###.## #..
.##.##.###...# #......#
#..#....<......#.###.###..#
......)......(.Y@.........#
#######.######.##....####.#
# #. #.##...#####.# #### #.
#.....)......# ##... #.
#####..(#########..## #.
#.....((..[..)))((##.
#####.##
#.###.###########.#.8
.......######.# #.# #.#..
.####.........# #.# #....


You could see an ice beast.

Vanquished Creatures
  Ijyb (D:3)
  Terence (D:3)
  Robin (D:3)
  3 adders
  An ooze (D:3)
  A worm (D:2)
  A dart slug (D:2)
  3 giant cockroaches
  15 goblins
  8 hobgoblins
  A jackal (D:1)
  10 kobolds
  2 ball pythons (D:2)
  6 bats
  5 frilled lizards
  A leopard gecko skeleton (D:3)
  7 rats
67 creatures vanquished.

Notes
Turn   | Place    | Note
-------+----------+-------------------------------------------
     0 | D:1      | sankara the Draconian Conjurer began the quest for the Orb.
     0 | D:1      | Reached XP level 1. HP: 14/14 MP: 3/3
   298 | D:1      | Reached XP level 2. HP: 20/20 MP: 1/5
  1449 | D:2      | Reached XP level 3. HP: 26/26 MP: 4/6
  2012 | D:2      | Reached skill level 5 in Conjurations
  2129 | D:2      | Found a blossoming altar of Fedhas.
  2479 | D:3      | Reached XP level 4. HP: 33/33 MP: 3/8
  2487 | D:3      | Learned a level 3 spell: Dazzling Spray
  2492 | D:3      | Learned a level 4 spell: Iskenderun's Mystic Blast
  2588 | D:3      | Found an opulent altar of Gozag.
  2590 | D:3      | Noticed Terence
  2627 | D:3      | Gained mutation: You have large cloven feet. [potion of mutation]
  2627 | D:3      | Gained mutation: Your tail ends in a poisonous barb. [potion of mutation]
  2627 | D:3      | Gained mutation: You have sharp fingernails. [potion of mutation]
  2642 | D:3      | Killed Terence
  2840 | D:3      | Noticed Robin
  2845 | D:3      | Killed Robin
  2992 | D:3      | Noticed Ijyb
  3018 | D:3      | Killed Ijyb
  3018 | D:3      | Reached XP level 5. HP: 25/38 MP: 2/9
  3221 | D:3      | Noticed an ice beast
  3671 | D:3      | Slain by an ice beast

Skill      XL: |  1  2  3  4 |
---------------+-------------+-----
Conjurations   | 5 |  5.8
Spellcasting   | 3 |  3.2
Dodging        | |  1.7
Stealth        | |  1.7

Action                   |  1- 3 |  4- 6 || total
-------------------------+-------+-------++-------
Melee: Dagger            |    28 |    94 ||   122
       Tailslap          |     3 |     7 ||    10
 Cast: Magic Dart        |    85 |    32 ||   117
       Dazzling Spray    |       |     6 ||     6
  Use: Potion            |       |     5 ||     5
 Stab: Invisible         |       |     1 ||     1
  Eat: Chunk             |     6 |     3 ||     9
Armor: Skin              |    14 |    31 ||    45
Dodge: Dodged            |    38 |    59 ||    97
